 Dungeon Crawl Stone Soup version 0.27-a0-1281-ge233d83751 (webtiles) character file.

Game seed: 7206422906933790085

5509 Vomitron the Summoner (level 10, -1/60 HPs)
             Began as a Tengu Summoner on June 13, 2021.
             Was a Follower of Wu Jian.
             Splashed by an acid dragon's acid (13 damage)
             ... on level 9 of the Dungeon.
             The game lasted 00:19:32 (11396 turns).

Vomitron the Summoner (Tengu Summoner)             Turns: 11396, Time: 00:19:34

Health: -1/60      AC:  8    Str: 10    XL:     10   Next: 70%
Magic:  20/20      EV: 18    Int: 16    God:    Wu Jian [*.....]
Gold:   342        SH:  0    Dex: 22    Spells: 9/21 levels left

rFire    . . .     SeeInvis .   u - +5 lajatang (vorpal)
rCold    . . .     Faith    .   (shield currently unavailable)
rNeg     . . .     Spirit   .   t - +0 swamp dragon scales
rPois    +         Reflect  .   (helmet restricted)
rElec    .         Harm     .   (no cloak)
rCorr    .         Rampage  .   (no gloves)
Will     .....                  (boots unavailable)
Stlth    ++........             s - amulet of magic regeneration
HPRegen  0.20/turn              m - +4 ring of protection
MPRegen  0.42/turn              y - +6 ring of dexterity

@: corroded, flying quickly and evasively, studying Dodging, quick
A: beak, talons 3, nimble flight
a: Renounce Religion


You were on level 9 of the Dungeon.
You worshipped Wu Jian.
Wu Jian was aware of your devotion.
You visited 1 branch of the dungeon, and saw 9 of its levels.

You collected 432 gold pieces.
You spent 90 gold pieces at shops.

Inventory:

Hand Weapons
 c - a +0 short sword
 u - a +5 vorpal lajatang (weapon)
 w - a +1 whip of flaming
Missiles
 e - 4 curare-tipped darts
Armour
 a - a +0 robe
 j - a +2 robe of willpower
 t - +0 swamp dragon scales (worn)
Jewellery
 m - a +4 ring of protection (left hand)
 n - a ring of flight
 s - an amulet of magic regeneration (around neck)
 y - a +6 ring of dexterity (right hand)
 B - a +6 ring of dexterity
 D - a +6 ring of intelligence
 E - a +6 ring of dexterity
Wands
 q - a wand of iceblast (11)
 r - a wand of paralysis (11)
 x - a wand of digging (3)
 A - a wand of mindburst (10)
Scrolls
 d - 2 scrolls of amnesia
 f - 2 scrolls of enchant weapon
 l - a scroll of blinking
 p - 3 scrolls of teleportation
 G - a scroll of identify
 H - a scroll of noise {unknown}
 I - a scroll of fear {unknown}
Potions
 b - 2 potions of curing
 g - 5 potions of degeneration
 h - 2 potions of attraction
 i - a potion of might
 k - a potion of resistance
 o - 4 potions of lignification
 v - a potion of mutation
 z - a potion of flight {unknown}
 C - a potion of magic {unknown}
 F - a potion of cancellation {unknown}


   Skills:
 + Level 6.3 Fighting
 + Level 6.2 Staves
 - Level 4.0 Armour
 + Level 7.9 Dodging
 - Level 2.0 Stealth
 + Level 6.1 Spellcasting
 - Level 9.2 Summonings
 + Level 7.4 Air Magic
 + Level 1.5 Poison Magic


You had 9 spell levels left.
You knew the following spells:

 Your Spells              Type           Power      Damage    Failure   Level
a - Summon Small Mammal   Summ           100%       N/A       1%          1
b - Call Imp              Summ           34%        N/A       1%          2
c - Call Canine Familiar  Summ           34%        N/A       2%          3
d - Summon Lightning Spi  Summ/Air       31%        N/A       11%         4
e - Poisonous Vapours     Pois/Air       38%        N/A       8%          2

Your spell library contained the following spells:

 Spells                   Type           Power      Damage    Failure   Level
 Summon Guardian Golem    Hex/Summ       19%        N/A       14%         3
 Sting                    Tmut/Pois      28%        1d4       24%         1
 Mephitic Cloud           Conj/Pois/Air  14%        N/A       28%         3
 Animate Skeleton         Necr           8%         N/A       32%         1
 Foxfire                  Conj/Fire      16%        2x1d4     32%         1
 Summon Ice Beast         Ice/Summ       19%        N/A       43%         4
 Blink                    Tloc           N/A        N/A       45%         2
 Ignite Poison            Fire/Tmut/Pois 6%         N/A       63%         3
 Conjure Flame            Conj/Fire      4%         6-21      69%         3
 Gell's Gravitas          Tloc           2%         N/A       69%         3
 Inner Flame              Hex/Fire       4%         N/A       69%         3
 Lesser Beckoning         Tloc           2%         N/A       69%         3
 Teleport Other           Tloc           4%         N/A       69%         3
 Olgreb's Toxic Radiance  Pois           9%         N/A       86%         4
 Sticky Flame             Conj/Fire      4%         2d3       97%         4
 Bolt of Magma            Conj/Fire/Erth 2%         4d4       100%        5
 Fireball                 Conj/Fire      2%         3d4       100%        5
 Iskenderun's Battlesphe  Conj           4%         2d6       100%        5
 Manifold Assault         Tloc           4%         N/A       100%        5
 Iron Shot                Conj/Erth      2%         9d2       100%        6
 Orb of Destruction       Conj           2%         9d1       100%        7
 Spellforged Servitor     Conj/Summ      9%         N/A       100%        7


Dungeon Overview and Level Annotations

Branches:
Dungeon (9/15)             Temple (0/1) D:7            Lair (0/6) D:8
    Orc: D:9-12

Altars:
Dithmenos
Elyvilon
Kikubaaqudgha
Nemelex Xobeh
Okawaru
Sif Muna
Trog
Vehumet
Wu Jian

Shops:
D:2 ?!

Annotations:
D:7 4 runed translucent doors


Innate Abilities, Weirdness & Mutations

You have a beak for a mouth.
You have claws for feet.
Your magical nature lets you fly swiftly and evasively.


Message History

You slash the howler monkey! You claw the howler monkey.
You kill the howler monkey!
The Council accepts your kill.
You slash the howler monkey!
The howler monkey is almost dead.
The howler monkey closely misses you. x2
You closely miss the howler monkey. You claw the howler monkey.
You kill the howler monkey!
The Council accepts your kill.
No target in view!
An acid dragon comes into view.
The acid dragon roars!
An acid dragon is nearby!
An acid dragon is nearby!
The acid dragon spits acid at you. The splash of acid hits you.
The acid corrodes you!
You are splashed with acid!
You barely miss the acid dragon. The acid dragon spits acid at you.
The splash of acid hits you!
You are splashed with acid!
You are too injured to fight recklessly!
You are too injured to fight recklessly!
You are too injured to fight recklessly!
You hit the acid dragon but do no damage.
You claw the acid dragon.
The acid dragon is moderately wounded.
The acid dragon bites you.
The acid dragon claws you but does no damage.
You barely miss the acid dragon.
The acid dragon is moderately wounded.
The acid dragon closely misses you. The acid dragon claws you.
You slash the acid dragon! Your kick misses the acid dragon.
The acid dragon is heavily wounded.
The acid dragon completely misses you. The acid dragon barely misses you.
You slash the acid dragon!
The acid dragon is almost dead.
The acid dragon spits acid at you. The splash of acid hits you!
* * * LOW HITPOINT WARNING * * *
You are splashed with acid!
You die...

#..........#
+..........#
#..........# ###+
#..........#
##...##..........#
#................#
+....$...........#
#....##...###....#
##... #.@D# ####
#.. #......... ...
...........
.................
. ...............
...............
###+###...##...
##### ...


You could see an acid dragon (catching breath).

Vanquished Creatures
  Pikel (D:4)
  A wyvern (D:8)
  A steam dragon (D:8)
  4 orc warriors
  An ice beast (D:5)
  3 sky beasts
  A black bear (D:7)
  2 necrophages (D:5)
  An ogre (D:5)
  2 lemures (D:4)
  4 centaurs
  A kobold brigand (D:6)
  3 bullfrogs
  A wyvern zombie (D:8)
  A water moccasin zombie (D:5)
  2 scorpions
  A wyvern skeleton (D:7)
  A killer bee (D:7)
  2 howler monkeys (D:9)
  2 bullfrog zombies
  A hound (D:4)
  A gnoll shaman (D:6)
  A bullfrog skeleton (D:5)
  3 jellies
  2 orc priests
  A centaur skeleton (D:7)
  Jessica (D:3)
  2 iguanas
  Natasha (twice) (D:2)
  7 orc wizards
  Ijyb (D:4)
  3 killer bee zombies
  7 gnolls
  4 adders
  A shadow imp (D:7)
  2 white imps
  An ufetubus (D:6)
  An adder skeleton (D:5)
  A worm (D:2)
  3 dart slugs (D:1)
  16 orcs
  9 ball pythons
  6 bats (D:3)
  3 endoplasms
  A giant cockroach (D:2)
  6 goblins
  6 hobgoblins
  3 jackals (D:1)
  10 kobolds
  3 frilled lizards
  10 rats
153 creatures vanquished.

Vanquished Creatures (collateral kills)
  A boulder beetle (D:7)
  A two-headed ogre (D:7)
  Maggie (D:7)
  Grinder (D:3)
  Sigmund (D:2)
  A shadow (D:8)
  Menkaure (D:4)
  A water moccasin (D:8)
  An orc warrior (D:7)
  A black bear (D:5)
  A sky beast (D:7)
  2 necrophages
  A lemure (D:4)
  A scorpion (D:4)
  A bullfrog (D:8)
  A bullfrog zombie (D:6)
  A gnoll shaman (D:4)
  An iguana (D:4)
  2 orc wizards
  A gnoll (D:4)
  2 adders
  2 worms (D:3)
  2 orcs
  3 endoplasms
  2 hobgoblins
  8 jackals
  2 ball pythons (D:1)
  2 frilled lizards (D:3)
  2 kobolds
  2 rats (D:3)
49 creatures vanquished.

Vanquished Creatures (others)
  5 plants (D:4)
5 creatures vanquished.

Grand Total: 207 creatures vanquished

Notes
Turn   | Place    | Note
-------+----------+-------------------------------------------
     0 | D:1      | Vomitron the Tengu Summoner began the quest for the Orb.
     0 | D:1      | Reached XP level 1. HP: 10/10 MP: 4/4
   123 | D:1      | Reached skill level 5 in Summonings
   299 | D:1      | Reached XP level 2. HP: 9/16 MP: 6/6
   440 | D:1      | Found a faded altar of an unknown god.
  1132 | D:1      | You fall into a shaft and drop 1 floor!
  1184 | D:2      | Reached XP level 3. HP: 20/20 MP: 7/7
  1199 | D:2      | Found Bimm's Magic Scroll Emporium.
  1288 | D:2      | Reached skill level 1 in Fighting
  1312 | D:2      | Noticed Natasha
  1323 | D:2      | Killed Natasha
  1586 | D:1      | Learned a level 2 spell: Call Imp
  1590 | D:1      | Learned a level 3 spell: Call Canine Familiar
  1602 | D:1      | Reached XP level 4. HP: 17/25 MP: 4/8
  2271 | D:2      | Noticed Natasha
  2282 | D:2      | Killed Natasha
  2365 | D:2      | Noticed Sigmund
  2398 | D:2      | Killed Sigmund
  2399 | D:2      | Reached skill level 6 in Summonings
  2399 | D:2      | Gained mutation: Your magical nature lets you fly swiftly
                  | and evasively. [Tengu growth]
  2399 | D:2      | Reached XP level 5. HP: 9/30 MP: 2/10
  2640 | D:2      | Found Baghuboo's Distillery.
  3137 | D:2      | Bought a scroll of blinking for 90 gold pieces
  3296 | D:3      | Noticed Jessica
  3301 | D:3      | Killed Jessica
  3302 | D:3      | Reached XP level 6. HP: 34/35 MP: 7/11
  3307 | D:3      | Learned a level 4 spell: Summon Lightning Spire
  3491 | D:3      | Noticed Grinder
  3734 | D:3      | Paralysed by Grinder for 3 turns
  4095 | D:3      | HP: 1/36 [Grinder/nerve-wracking pain (13)]
  4111 | D:3      | Killed Grinder
  4112 | D:3      | Reached skill level 1 in Air Magic
  5237 | D:4      | Reached XP level 7. HP: 39/40 MP: 9/13
  5289 | D:4      | Reached skill level 1 in Staves
  5520 | D:4      | Reached skill level 7 in Summonings
  5543 | D:4      | Noticed Menkaure
  6097 | D:4      | Killed Menkaure
  6098 | D:4      | Reached skill level 1 in Armour
  6126 | D:4      | Noticed Pikel
  6155 | D:4      | Killed Pikel
  6156 | D:4      | Reached XP level 8. HP: 15/48 MP: 4/15
  6612 | D:4      | Noticed Ijyb
  6619 | D:4      | Killed Ijyb
  6890 | D:5      | Entered Level 5 of the Dungeon
  7005 | D:5      | Reached skill level 5 in Dodging
  7195 | D:5      | Reached XP level 9. HP: 30/52 MP: 16/16
  7429 | D:5      | Reached skill level 8 in Summonings
  7826 | D:6      | Found a shadowy altar of Dithmenos.
  7983 | D:6      | Reached skill level 5 in Air Magic
  8565 | D:7      | You are sucked into a shaft and drop 1 floor!
  8565 | D:8      | Found a sparkling altar of Nemelex Xobeh.
  8580 | D:7      | Found a bloodstained altar of Trog.
  8580 | D:7      | Found a white marble altar of Elyvilon.
  8581 | D:7      | Found an ornate altar of the Wu Jian Council.
  8581 | D:7      | Found an iron altar of Okawaru.
  8589 | D:7      | Became a worshipper of the Wu Jian Council
  8593 | D:7      | Found a staircase to the Ecumenical Temple.
  8694 | D:7      | Found a large runed translucent door.
  8697 | D:7      | Found a large runed translucent door.
  8706 | D:7      | Noticed a manticore
  8726 | D:7      | Found a large runed translucent door.
  8726 | D:7      | Found a large runed translucent door.
  8884 | D:7      | Noticed a two-headed ogre
  8890 | D:7      | Killed a two-headed ogre
  8891 | D:7      | Reached skill level 5 in Fighting
  8891 | D:7      | Reached skill level 5 in Spellcasting
  9066 | D:7      | Noticed a boulder beetle
  9095 | D:7      | Reached skill level 5 in Staves
  9113 | D:7      | Killed a boulder beetle
  9114 | D:7      | Reached XP level 10. HP: 24/60 MP: 10/19
  9177 | D:7      | Reached skill level 9 in Summonings
  9909 | D:7      | Noticed Maggie
  9924 | D:7      | Killed Maggie
 10189 | D:8      | Learned a level 2 spell: Poisonous Vapours
 10213 | D:8      | Reached * piety under Wu Jian
 10662 | D:8      | Found a radiant altar of Vehumet.
 10670 | D:8      | Found an ancient bone altar of Kikubaaqudgha.
 10685 | D:8      | Identified Kikubaaqudgha's Compendium of Dark Rituals
 10763 | D:8      | Found a shimmering blue altar of Sif Muna.
 10839 | D:8      | Reached skill level 1 in Poison Magic
 10840 | D:8      | Found a staircase to the Lair.
 11396 | D:9      | Splashed by an acid dragon's acid

Illustrated notes

Levels and vault maps discovered:
D:1:      dpeg_arrival_tiny_a, layout_loops_ring,
          hellmonk_ecumenical_altar_pennies_from_heaven
D:2:      minmay_skewed_foursquare, layout_loops_cross, serial_shops,
          nicolae_shop_statue_plus, nicolae_shop_stone, uniq_natasha,
          uniq_sigmund
D:3:      minmay_octagon_keep, layout_basic, uniq_grinder, uniq_jessica
D:4:      layout_loops_ring, serial_bayou_pond_b, serial_bayou_pond_d,
          uniq_pikel, uniq_ijyb, uniq_menkaure
D:5:      layout_basic
D:6:      layout_loops_ring, grunt_dithmenos_smoke
D:7:      layout_loops_corners, chequers_temple_overflow_statue_of_worship,
          minmay_temple_entry_waves, minmay_hollow_rounded_squares, uniq_maggie
D:8:      layout_basic, palyth_temple_overflow_mages, general_overflow_altar,
          lair_entry_dummy
D:9:      layout_gridville, kennysheep_orc_monster_closet_entryway,
          gammafunk_ghost_grave

Skill      XL: |  1  2  3  4  5  6  7  8  9 10 |
---------------+-------------------------------+-----
Summonings     | 5 6 7 8 9 |  9.2
Fighting       | 1 2 3 4 5 6 |  6.3
Dodging        | 3 4 5 6 7 |  7.9
Spellcasting   | 3 4 5 6 |  6.1
Air Magic      | 1 3 4 6 7 |  7.4
Staves         | 2 3 5 6 |  6.2
Armour         | 2 3 4 |  4.0
Poison Magic   | 1 |  1.5
Stealth        | |  2.0

Action                   |  1- 3 |  4- 6 |  7- 9 | 10-12 || total
-------------------------+-------+-------+-------+-------++-------
Melee: Unarmed           |    30 |       |       |       ||    30
       Kick              |    19 |    26 |    42 |    33 ||   120
       Peck              |     9 |     7 |    28 |    12 ||    56
       Short sword       |    33 |   100 |       |       ||   133
       Lajatang          |       |    10 |   173 |   107 ||   290
 Cast: Summon Small Mamm |    13 |       |       |       ||    13
       Call Canine Famil |     1 |    24 |    12 |     6 ||    43
       Call Imp          |       |     3 |     5 |       ||     8
       Summon Lightning  |       |     2 |    13 |     4 ||    19
       Poisonous Vapours |       |       |       |     8 ||     8
Invok: Lunge             |       |       |       |     5 ||     5
       Whirlwind         |       |       |       |     1 ||     1
  Use: Scroll            |       |     2 |     7 |     5 ||    14
 Stab: Sleeping          |     5 |    10 |     8 |     5 ||    28
       Betrayed ally     |       |       |     1 |       ||     1
       Distracted        |       |       |       |     1 ||     1
Armor: Robe              |     9 |    24 |    22 |     6 ||    61
       Swamp dragon scal |       |       |       |    17 ||    17
Dodge: Dodged            |    32 |   108 |   143 |    98 ||   381

Table legend: (Time is in decaauts)
 A = Elapsed time spent in this place.
 B = Non-inter-level travel time spent in this place.
 C = Inter-level travel time spent in this place.
 D = Time resting spent in this place.
 E = Time spent auto-exploring this place.
 F = Levels seen in this place.
 G = Mean time per level.
                   A        B        C        D        E       F      G
               +--------+--------+--------+--------+--------+-----+--------+
         Total |  10982 |  10672 |    310 |   3354 |   5540 |   9 | 1220.2 |
       Dungeon |  10982 |  10672 |    310 |   3354 |   5540 |   9 | 1220.2 |
               +--------+--------+--------+--------+--------+-----+--------+

Top non-repeatable levels by time:
     D:4: 1904 daAuts
     D:1: 1828 daAuts
     D:3: 1681 daAuts
     D:7: 1561 daAuts
     D:2: 1314 daAuts
     D:8: 1087 daAuts
     D:5: 866 daAuts
     D:6: 652 daAuts
     D:9: 85 daAuts
